[ AOE2 MATCH · #479422488 ]
UnrankedDravidians vs Bulgarians
[ REPLAY ANALYSIS · EXTRACTED FROM THE RECORDED GAME ]
Feudal
12:28
Castle
—
Imperial
—
| APM avg | 24.4 |
| APM peak | 53 |
| eAPM avg | 12.4 |
| Villagers / military | 40 / 22 |
Focus
⚔️ 36.2% · 🌾 63.8%
Archer ×19 · Spearman ×3
Feudal
13:50
Castle
31:31
Imperial
—
| APM avg | 24.5 |
| APM peak | 48 |
| eAPM avg | 18.1 |
| Villagers / military | 47 / 0 |
Focus
⚔️ 29.2% · 🌾 70.8%
Fishing Ship ×8
Feudal
12:42
Castle
16:31
Imperial
—
| APM avg | 47.3 |
| APM peak | 75 |
| eAPM avg | 25.0 |
| Villagers / military | 132 / 39 |
Focus
⚔️ 27.3% · 🌾 72.7%
Cavalry Archer ×34 · Monk ×3 · Fire Lancer ×2
Feudal
14:15
Castle
18:44
Imperial
—
| APM avg | 39.0 |
| APM peak | 71 |
| eAPM avg | 21.7 |
| Villagers / military | 61 / 20 |
Focus
⚔️ 28.0% · 🌾 72.0%
Serjeant ×20
Feudal
13:57
Castle
17:44
Imperial
—
| APM avg | 46.2 |
| APM peak | 72 |
| eAPM avg | 25.0 |
| Villagers / military | 99 / 73 |
Focus
⚔️ 24.1% · 🌾 75.9%
Knight ×73
Feudal
12:47
Castle
18:30
Imperial
—
| APM avg | 41.4 |
| APM peak | 78 |
| eAPM avg | 18.1 |
| Villagers / military | 100 / 9 |
Focus
⚔️ 13.9% · 🌾 86.1%
Cataphract ×8 · Spearman ×1
Feudal
12:17
Castle
—
Imperial
—
| APM avg | 43.7 |
| APM peak | 71 |
| eAPM avg | 18.2 |
| Villagers / military | 74 / 30 |
Focus
⚔️ 34.7% · 🌾 65.3%
Militia ×21 · Spearman ×9
Feudal
11:06
Castle
27:28
Imperial
—
| APM avg | 53.2 |
| APM peak | 91 |
| eAPM avg | 26.4 |
| Villagers / military | 49 / 39 |
Focus
⚔️ 61.4% · 🌾 38.6%
Scout Cavalry ×36 · Ballista Elephant ×3
Match map
Initial resources + every placement click. Lines = walls · curves = elevation contours. ◆ gold · ⬟ stone · ● berries · ✦ relic · ◌ wall gap
Your base· Open — unwalled flank
Bis's base· Open — unwalled flank
kazusa's base· Open — unwalled flank
Cat&Moon's base· Open — unwalled flank
Xialian's base· Open — unwalled flank
La Apple's base· Open — unwalled flank
钓鱼佬's base· Open — unwalled flank
VNS_Alibaba_'s base· Open — unwalled flank
Smoothed initial terrain · ◌ = detected wall gap · hover for details
Inputs per minute
— 钢铁直男 - - Bis
Build order — 钢铁直男
118 actions detected in the replay
| 0:39 | Build | Town Center |
| 1:56 | Build | House |
| 2:39 | Create | Villager (Male) ×4 |
| 3:51 | Create | Villager (Male) |
| 3:51 | Create | Villager (Male) |
| 4:12 | Create | Villager (Male) |
| 4:22 | Build | House |
| 4:24 | Research | Loom |
| 4:40 | Create | Villager (Male) |
| 4:40 | Create | Villager (Male) |
| 5:22 | Create | Villager (Male) ×2 |
| 5:23 | Create | Villager (Male) ×2 |
| 5:51 | Create | Villager (Male) |
| 6:17 | Create | Villager (Male) |
| 6:45 | Build | Barracks |
| 6:55 | Build | House |
| 7:05 | Create | Villager (Male) |
| 7:40 | Create | Villager (Male) |
| 7:41 | Create | Villager (Male) |
| 8:24 | Create | Villager (Male) |
| 9:17 | Create | Villager (Male) |
| 9:49 | Build | Lumber Camp |
| 9:51 | Create | Villager (Male) |
| 10:18 | Research | Feudal Age |
| 10:27 | Build | Mining Camp |
| 10:50 | Build | Outpost |
| 11:45 | Build | Mill |
| 12:04 | Build | Palisade Wall |
| 12:06 | Build | Palisade Wall |
| 12:10 | Build | Palisade Wall |
| 12:28 | Age | Feudal Age |
| 12:29 | Build | Palisade Wall |
| 12:30 | Build | Palisade Wall |
| 12:31 | Create | Villager (Male) |
| 12:34 | Build | Archery Range |
| 12:34 | Create | Spearman |
| 12:36 | Build | Archery Range |
| 12:40 | Research | Town Watch |
| 12:53 | Create | Villager (Male) |
| 13:25 | Build | House |
| 13:30 | Create | Archer |
| 13:38 | Create | Archer |
| 13:43 | Create | Spearman |
| 13:46 | Build | House |
| 13:48 | Build | House |
| 14:13 | Build | Watch Tower |
| 14:22 | Create | Archer |
| 14:28 | Create | Archer |
| 14:51 | Create | Archer |
| 14:52 | Create | Archer |
| 15:20 | Build | Lumber Camp |
| 15:27 | Create | Archer |
| 15:27 | Create | Archer |
| 15:47 | Create | Villager (Male) |
| 16:02 | Create | Archer |
| 16:02 | Create | Archer |
| 16:05 | Create | Spearman |
| 16:42 | Create | Villager (Male) |
| 16:45 | Create | Archer |
| 16:45 | Create | Archer |
| 17:27 | Create | Villager (Male) |
| 17:55 | Build | Blacksmith |
| 19:05 | Create | Archer |
| 19:05 | Create | Archer |
| 19:06 | Create | Archer |
| 19:06 | Create | Archer |
| 19:07 | Create | Archer |
| 19:49 | Build | House |
| 19:50 | Build | House |
| 21:04 | Create | Archer |
| 21:05 | Create | Archer |
| 22:16 | Build | Mill |
| 23:08 | Create | Villager (Male) |
| 23:15 | Build | Mining Camp |
| 23:23 | Build | Lumber Camp |
| 24:58 | Build | Town Center |
| 25:47 | Create | Villager (Male) |
| 25:47 | Create | Villager (Male) |
| 26:26 | Create | Villager (Male) |
| 27:00 | Create | Villager (Male) |
| 27:12 | Create | Villager (Male) |
| 27:14 | Research | Horse Collar |
| 27:33 | Create | Villager (Male) |
| 27:42 | Research | Double-Bit Axe |
| 27:46 | Build | Barracks |
| 27:51 | Build | Farm |
| 27:52 | Build | Farm |
| 27:55 | Build | Farm |
| 27:58 | Build | Farm |
| 28:45 | Create | Villager (Male) |
| 28:54 | Build | Stone Wall |
| 28:56 | Build | Stone Wall |
| 29:07 | Build | Stone Wall |
| 29:09 | Build | Stone Wall |
| 29:11 | Build | Stone Wall |
| 29:13 | Build | Stone Wall |
| 29:17 | Build | Stone Wall |
| 29:28 | Create | Villager (Male) |
| 29:46 | Build | Farm |
| 29:47 | Create | Villager (Male) |
| 29:54 | Build | Mill |
| 29:56 | Build | Farm |
| 29:56 | Build | Farm |
| 29:56 | Build | Farm |
| 29:56 | Build | Farm |
| 30:00 | Build | Farm |
| 30:02 | Build | Farm |
| 30:04 | Build | Farm |
| 30:26 | Create | Villager (Male) |
| 30:28 | Create | Villager (Male) |
| 30:44 | Build | Blacksmith |
| 30:49 | Build | Market |
| 31:15 | Create | Villager (Male) |
| 31:30 | Build | Mining Camp |
| 31:36 | Research | Wheelbarrow |
| 32:22 | Create | Villager (Male) |
| 33:10 | Research | Castle Age |
| 33:10 | Research | Castle Age |
Build order — Bis
136 actions detected in the replay
| 0:07 | Build | Town Center |
| 1:15 | Build | House |
| 1:19 | Build | Lumber Camp |
| 2:33 | Create | Villager (Male) |
| 2:33 | Create | Villager (Male) |
| 2:34 | Create | Villager (Male) |
| 2:34 | Create | Villager (Male) |
| 4:11 | Research | Loom |
| 4:39 | Create | Villager (Male) |
| 4:39 | Create | Villager (Male) |
| 4:48 | Create | Villager (Male) |
| 4:48 | Create | Villager (Male) |
| 4:51 | Build | House |
| 5:13 | Create | Villager (Male) |
| 5:44 | Build | House |
| 5:49 | Build | House |
| 6:18 | Build | House |
| 6:28 | Create | Villager (Male) |
| 6:46 | Create | Villager (Male) |
| 6:48 | Create | Villager (Male) |
| 6:57 | Build | Lumber Camp |
| 7:01 | Create | Villager (Male) |
| 7:03 | Create | Villager (Male) |
| 8:12 | Create | Villager (Male) |
| 8:22 | Create | Villager (Male) |
| 8:24 | Create | Villager (Male) |
| 8:45 | Create | Villager (Male) |
| 8:49 | Create | Villager (Male) |
| 8:55 | Build | House |
| 8:58 | Create | Villager (Male) |
| 9:20 | Build | Mill |
| 9:37 | Create | Villager (Male) |
| 9:55 | Create | Villager (Male) |
| 10:19 | Create | Villager (Male) |
| 10:34 | Create | Villager (Male) |
| 10:49 | Build | Dock |
| 11:12 | Create | Villager (Male) |
| 11:25 | Create | Fishing Ship |
| 11:33 | Research | Feudal Age |
| 11:52 | Build | Mining Camp |
| 12:50 | Create | Fishing Ship |
| 13:10 | Build | Mining Camp |
| 13:28 | Create | Villager (Male) |
| 13:50 | Age | Feudal Age |
| 13:55 | Build | Watch Tower |
| 13:56 | Create | Villager (Male) |
| 14:00 | Build | House |
| 14:06 | Create | Fishing Ship |
| 14:10 | Build | House |
| 14:52 | Create | Villager (Male) |
| 15:33 | Research | Horse Collar |
| 15:34 | Create | Villager (Male) |
| 15:37 | Build | Farm |
| 15:45 | Build | Fish Trap |
| 15:48 | Build | Farm |
| 15:49 | Create | Villager (Male) |
| 15:57 | Create | Villager (Male) |
| 16:12 | Create | Villager (Male) |
| 16:16 | Create | Villager (Male) |
| 16:23 | Build | Watch Tower |
| 16:38 | Create | Villager (Male) |
| 16:57 | Create | Villager (Male) |
| 17:06 | Build | House |
| 17:09 | Build | Palisade Gate |
| 17:22 | Build | Blacksmith |
| 17:24 | Create | Villager (Male) |
| 17:32 | Build | Palisade Wall |
| 17:48 | Create | Villager (Male) |
| 18:04 | Build | Farm |
| 18:12 | Build | Watch Tower |
| 18:50 | Research | Fletching |
| 18:51 | Create | Villager (Male) |
| 19:01 | Create | Fishing Ship |
| 19:42 | Create | Fishing Ship |
| 19:50 | Create | Villager (Male) |
| 19:52 | Create | Fishing Ship |
| 20:01 | Create | Villager (Male) |
| 20:04 | Build | Farm |
| 20:07 | Build | Farm |
| 20:09 | Build | Farm |
| 20:11 | Research | Double-Bit Axe |
| 20:12 | Create | Villager (Male) |
| 20:21 | Build | House |
| 20:24 | Build | House |
| 21:16 | Create | Villager (Male) |
| 22:06 | Build | Lumber Camp |
| 22:07 | Create | Villager (Male) |
| 22:10 | Build | Palisade Wall |
| 22:12 | Build | Palisade Wall |
| 22:16 | Build | Palisade Wall |
| 22:46 | Build | House |
| 23:14 | Build | Mining Camp |
| 23:17 | Create | Villager (Male) |
| 23:24 | Create | Villager (Male) |
| 23:29 | Build | Farm |
| 23:30 | Build | Farm |
| 23:31 | Build | Farm |
| 23:57 | Build | House |
| 24:00 | Build | Farm |
| 24:03 | Build | Farm |
| 24:04 | Build | Farm |
| 24:08 | Build | Farm |
| 24:31 | Build | Farm |
| 25:08 | Build | Mining Camp |
| 25:40 | Research | Wheelbarrow |
| 25:45 | Build | Farm |
| 26:00 | Build | Fish Trap |
| 26:02 | Build | Fish Trap |
| 26:07 | Create | Fishing Ship |
| 26:16 | Build | Watch Tower |
| 27:20 | Build | Farm |
| 27:23 | Build | Farm |
| 27:35 | Build | Farm |
| 27:39 | Create | Fishing Ship |
| 27:46 | Build | Market |
| 27:49 | Build | Farm |
| 27:52 | Create | Villager (Male) |
| 28:20 | Build | Watch Tower |
| 28:26 | Create | Villager (Male) |
| 28:42 | Build | Farm |
| 28:43 | Research | Castle Age |
| 28:43 | Research | Castle Age |
| 29:16 | Build | Farm |
| 29:32 | Build | Watch Tower |
| 30:40 | Build | Fish Trap |
| 30:41 | Build | Fish Trap |
| 30:46 | Build | Fish Trap |
| 30:53 | Build | Watch Tower |
| 30:55 | Build | House |
| 30:59 | Build | House |
| 31:01 | Build | House |
| 31:09 | Build | Stone Wall |
| 31:13 | Build | Stone Wall |
| 31:17 | Build | Stone Wall |
| 31:31 | Age | Castle Age |
| 31:31 | Build | Stone Wall |
Build order — kazusa
First 150 of 301 actions detected
| 0:18 | Build | Town Center |
| 0:31 | Build | Lumber Camp |
| 2:29 | Research | Loom |
| 2:29 | Research | Loom |
| 3:02 | Create | Villager (Male) |
| 3:02 | Create | Villager (Male) |
| 3:26 | Create | Villager (Male) |
| 3:27 | Create | Villager (Male) |
| 3:52 | Create | Villager (Male) |
| 4:17 | Create | Villager (Male) |
| 4:17 | Create | Villager (Male) |
| 4:36 | Create | Villager (Male) |
| 4:56 | Build | House |
| 5:03 | Build | Lumber Camp |
| 5:03 | Create | Villager (Male) |
| 5:18 | Create | Villager (Male) |
| 5:31 | Build | House |
| 5:47 | Create | Villager (Male) |
| 5:57 | Build | House |
| 6:09 | Create | Villager (Male) |
| 6:21 | Create | Villager (Male) |
| 6:51 | Create | Villager (Male) |
| 6:54 | Build | House |
| 7:26 | Create | Villager (Male) |
| 7:37 | Create | Villager (Male) |
| 8:00 | Create | Villager (Male) |
| 8:29 | Build | Palisade Wall |
| 8:41 | Build | House |
| 8:49 | Create | Villager (Male) |
| 8:54 | Build | House |
| 9:09 | Create | Villager (Male) |
| 9:21 | Create | Villager (Male) |
| 9:30 | Build | Mining Camp |
| 9:38 | Build | Mill |
| 9:39 | Create | Villager (Male) |
| 9:54 | Build | House |
| 10:10 | Build | House |
| 10:15 | Research | Feudal Age |
| 11:20 | Build | Barracks |
| 11:22 | Create | Villager (Male) |
| 12:42 | Age | Feudal Age |
| 12:45 | Build | Archery Range |
| 12:49 | Build | Blacksmith |
| 12:52 | Create | Villager (Male) |
| 13:04 | Research | Double-Bit Axe |
| 13:51 | Research | Castle Age |
| 13:51 | Research | Castle Age |
| 14:28 | Create | Villager (Male) |
| 14:52 | Build | Archery Range |
| 14:55 | Research | Fletching |
| 14:55 | Research | Fletching |
| 15:52 | Build | House |
| 16:31 | Age | Castle Age |
| 16:34 | Build | Town Center |
| 16:36 | Build | Monastery |
| 16:36 | Create | Cavalry Archer |
| 16:37 | Create | Cavalry Archer |
| 16:38 | Research | Bow Saw |
| 16:45 | Create | Villager (Male) |
| 17:03 | Create | Villager (Male) |
| 17:04 | Create | Cavalry Archer |
| 17:05 | Create | Cavalry Archer |
| 17:27 | Create | Monk |
| 17:28 | Create | Cavalry Archer |
| 17:31 | Create | Villager (Male) |
| 17:42 | Create | Villager (Male) |
| 17:44 | Create | Villager (Male) |
| 17:52 | Create | Cavalry Archer |
| 18:02 | Create | Villager (Male) |
| 18:10 | Create | Villager (Male) |
| 18:22 | Build | Farm |
| 18:24 | Research | Horse Collar |
| 18:25 | Create | Villager (Male) |
| 18:33 | Create | Cavalry Archer |
| 18:40 | Create | Villager (Male) |
| 18:46 | Build | Town Center |
| 18:52 | Create | Cavalry Archer |
| 18:54 | Create | Villager (Male) |
| 18:56 | Build | Farm |
| 19:01 | Build | Farm |
| 19:01 | Create | Villager (Male) |
| 19:06 | Create | Cavalry Archer |
| 19:26 | Create | Villager (Male) |
| 19:33 | Create | Cavalry Archer |
| 19:34 | Create | Cavalry Archer |
| 19:48 | Create | Villager (Male) |
| 19:51 | Build | Farm |
| 19:52 | Build | Farm |
| 19:56 | Build | Farm |
| 19:57 | Create | Villager (Male) |
| 20:10 | Build | Farm |
| 20:10 | Create | Villager (Male) |
| 20:16 | Build | Farm |
| 20:27 | Create | Villager (Male) |
| 20:30 | Build | House |
| 20:42 | Create | Villager (Male) |
| 20:49 | Build | Farm |
| 20:50 | Build | Farm |
| 20:52 | Create | Villager (Male) |
| 21:04 | Create | Villager (Male) |
| 21:09 | Build | Mill |
| 21:17 | Create | Villager (Male) |
| 21:20 | Build | Farm |
| 21:21 | Build | Farm |
| 21:22 | Create | Villager (Male) |
| 21:24 | Create | Villager (Male) |
| 21:33 | Build | Farm |
| 21:33 | Create | Villager (Male) |
| 21:34 | Create | Cavalry Archer |
| 21:59 | Create | Villager (Male) |
| 22:07 | Create | Villager (Male) |
| 22:09 | Create | Villager (Male) |
| 22:11 | Build | Farm |
| 22:12 | Create | Villager (Male) |
| 22:17 | Create | Cavalry Archer |
| 22:18 | Create | Villager (Male) |
| 22:29 | Create | Villager (Male) |
| 22:34 | Build | Farm |
| 22:39 | Build | Farm |
| 22:48 | Create | Villager (Male) |
| 22:51 | Create | Cavalry Archer |
| 22:57 | Create | Villager (Male) |
| 23:10 | Create | Cavalry Archer |
| 23:11 | Create | Cavalry Archer |
| 23:11 | Create | Villager (Male) |
| 23:15 | Research | Wheelbarrow |
| 23:16 | Research | Bodkin Arrow |
| 23:23 | Create | Cavalry Archer |
| 23:30 | Create | Villager (Male) |
| 23:32 | Build | House |
| 23:33 | Build | House |
| 23:35 | Build | Farm |
| 23:38 | Create | Villager (Male) |
| 23:41 | Create | Villager (Male) |
| 24:12 | Build | Market |
| 24:15 | Create | Villager (Male) |
| 24:20 | Research | Padded Archer Armor |
| 24:20 | Create | Cavalry Archer |
| 24:21 | Create | Villager (Male) |
| 24:36 | Build | House |
| 24:37 | Build | House |
| 24:38 | Create | Villager (Male) |
| 24:46 | Create | Villager (Male) |
| 24:46 | Create | Villager (Male) |
| 24:51 | Build | Town Center |
| 24:55 | Create | Villager (Male) |
| 25:06 | Build | Lumber Camp |
| 25:08 | Create | Villager (Male) |
| 25:12 | Create | Cavalry Archer |
| 25:12 | Create | Cavalry Archer |
Build order — Cat&Moon
First 150 of 175 actions detected
| 0:06 | Build | Town Center |
| 2:23 | Build | House |
| 2:39 | Create | Villager (Male) |
| 2:39 | Create | Villager (Male) |
| 2:39 | Create | Villager (Male) |
| 2:40 | Create | Villager (Male) |
| 3:52 | Create | Villager (Male) |
| 4:28 | Build | Lumber Camp |
| 4:31 | Create | Villager (Male) |
| 4:32 | Create | Villager (Male) |
| 4:53 | Build | House |
| 5:18 | Create | Villager (Male) |
| 5:19 | Create | Villager (Male) |
| 6:09 | Create | Villager (Male) |
| 6:17 | Create | Villager (Male) |
| 6:39 | Build | Mill |
| 6:41 | Create | Villager (Male) |
| 6:46 | Build | Mill |
| 6:49 | Create | Villager (Male) |
| 7:00 | Build | House |
| 7:34 | Create | Villager (Male) |
| 7:53 | Create | Villager (Male) |
| 8:04 | Build | House |
| 8:07 | Create | Villager (Male) |
| 8:24 | Create | Villager (Male) |
| 8:26 | Create | Villager (Male) |
| 8:45 | Create | Villager (Male) |
| 9:22 | Build | Mining Camp |
| 9:25 | Create | Villager (Male) |
| 9:47 | Build | House |
| 9:49 | Build | Palisade Wall |
| 10:18 | Build | Palisade Wall |
| 10:37 | Create | Villager (Male) |
| 10:41 | Research | Loom |
| 10:41 | Research | Loom |
| 10:48 | Build | Palisade Wall |
| 10:50 | Build | Palisade Wall |
| 10:54 | Build | Palisade Wall |
| 12:02 | Build | Mining Camp |
| 12:05 | Research | Feudal Age |
| 12:05 | Research | Feudal Age |
| 12:13 | Build | House |
| 12:16 | Build | House |
| 12:25 | Build | House |
| 12:28 | Build | Palisade Wall |
| 12:32 | Build | Palisade Wall |
| 12:33 | Build | Palisade Wall |
| 12:37 | Build | Palisade Wall |
| 12:39 | Build | Palisade Wall |
| 12:53 | Build | Palisade Wall |
| 12:55 | Build | Palisade Wall |
| 12:56 | Build | Palisade Wall |
| 13:06 | Build | Palisade Wall |
| 13:20 | Build | Palisade Wall |
| 13:27 | Create | Villager (Male) |
| 13:57 | Build | Palisade Wall |
| 14:15 | Age | Feudal Age |
| 14:23 | Build | Market |
| 14:25 | Build | Market |
| 14:29 | Create | Villager (Male) |
| 14:57 | Build | Blacksmith |
| 15:02 | Create | Villager (Male) |
| 15:18 | Create | Villager (Male) |
| 15:33 | Build | Donjon |
| 15:54 | Build | Mining Camp |
| 16:04 | Research | Castle Age |
| 16:17 | Build | Stone Wall |
| 16:21 | Build | Stone Wall |
| 16:23 | Build | Stone Wall |
| 16:43 | Build | Palisade Wall |
| 16:48 | Build | Stone Wall |
| 16:55 | Build | Stone Wall |
| 17:10 | Create | Serjeant |
| 17:11 | Create | Serjeant |
| 17:18 | Build | Stone Wall |
| 17:20 | Build | Stone Wall |
| 17:47 | Build | Donjon |
| 18:13 | Research | Scale Mail Armor |
| 18:44 | Age | Castle Age |
| 18:55 | Build | Town Center |
| 19:04 | Create | Villager (Male) |
| 19:04 | Create | Villager (Male) |
| 19:06 | Build | Farm |
| 19:49 | Create | Villager (Male) |
| 19:49 | Create | Villager (Male) |
| 19:49 | Create | Villager (Male) |
| 20:21 | Build | Donjon |
| 20:31 | Create | Villager (Male) |
| 20:31 | Create | Villager (Male) |
| 20:31 | Create | Villager (Male) |
| 20:32 | Build | Farm |
| 20:59 | Research | Chain Mail Armor |
| 20:59 | Research | Chain Mail Armor |
| 21:24 | Create | Serjeant |
| 21:27 | Create | Villager (Male) |
| 21:27 | Create | Villager (Male) |
| 21:54 | Build | Lumber Camp |
| 22:05 | Create | Villager (Male) |
| 22:05 | Create | Villager (Male) |
| 22:06 | Create | Villager (Male) |
| 22:42 | Create | Villager (Male) |
| 23:01 | Create | Villager (Male) |
| 23:10 | Build | Donjon |
| 23:50 | Create | Serjeant |
| 23:51 | Create | Serjeant |
| 23:56 | Build | Farm |
| 23:58 | Build | Farm |
| 24:20 | Create | Serjeant |
| 24:27 | Create | Serjeant |
| 24:27 | Create | Serjeant |
| 24:27 | Create | Serjeant |
| 24:31 | Build | House |
| 24:35 | Build | House |
| 24:38 | Build | House |
| 25:10 | Build | House |
| 25:19 | Create | Serjeant |
| 25:25 | Build | Farm |
| 25:35 | Create | Villager (Male) |
| 25:47 | Build | Mining Camp |
| 26:02 | Build | Barracks |
| 26:09 | Create | Villager (Male) |
| 26:10 | Create | Villager (Male) |
| 26:12 | Build | Farm |
| 26:32 | Create | Villager (Male) |
| 26:34 | Build | Farm |
| 26:35 | Build | Farm |
| 26:57 | Build | Farm |
| 27:03 | Research | Arson |
| 27:06 | Research | Squires |
| 27:08 | Create | Villager (Male) |
| 27:09 | Create | Villager (Male) |
| 27:28 | Build | Donjon |
| 27:31 | Create | Villager (Male) |
| 27:45 | Create | Serjeant |
| 28:03 | Create | Villager (Male) |
| 28:12 | Build | Farm |
| 28:13 | Build | Farm |
| 28:14 | Build | Farm |
| 28:15 | Build | Farm |
| 28:37 | Create | Villager (Male) |
| 28:56 | Research | Forging |
| 29:01 | Build | Town Center |
| 29:06 | Create | Villager (Male) |
| 29:32 | Create | Villager (Male) |
| 29:41 | Create | Villager (Male) |
| 29:43 | Build | Farm |
| 29:43 | Build | Farm |
| 29:44 | Build | Farm |
| 29:44 | Build | Farm |
| 29:44 | Build | Farm |
Build order — Xialian
First 150 of 320 actions detected
| 0:30 | Build | Town Center |
| 2:38 | Build | House |
| 2:43 | Create | Villager (Male) |
| 2:44 | Create | Villager (Male) |
| 2:44 | Create | Villager (Male) |
| 2:44 | Create | Villager (Male) |
| 2:44 | Create | Villager (Male) |
| 3:39 | Build | Lumber Camp |
| 3:50 | Create | Villager (Male) |
| 3:50 | Create | Villager (Male) |
| 4:18 | Create | Villager (Male) |
| 4:46 | Build | House |
| 4:50 | Create | Villager (Male) |
| 5:00 | Build | House |
| 5:10 | Build | House |
| 5:23 | Create | Villager (Male) |
| 5:24 | Create | Villager (Male) |
| 5:44 | Build | House |
| 5:46 | Build | Palisade Wall |
| 5:56 | Create | Villager (Male) |
| 6:20 | Create | Villager (Male) |
| 6:20 | Create | Villager (Male) |
| 6:21 | Create | Villager (Male) |
| 7:00 | Build | House |
| 7:06 | Build | Mill |
| 7:19 | Build | House |
| 7:27 | Create | Villager (Male) |
| 7:27 | Create | Villager (Male) |
| 7:27 | Create | Villager (Male) |
| 7:55 | Create | Villager (Male) |
| 8:24 | Research | Loom |
| 9:37 | Create | Villager (Male) |
| 9:56 | Build | House |
| 10:05 | Create | Villager (Male) |
| 10:32 | Create | Villager (Male) |
| 10:33 | Create | Villager (Male) |
| 10:33 | Create | Villager (Male) |
| 10:36 | Build | House |
| 10:51 | Build | House |
| 11:09 | Research | Feudal Age |
| 12:05 | Build | Mining Camp |
| 13:08 | Build | Palisade Wall |
| 13:13 | Build | House |
| 13:26 | Build | House |
| 13:57 | Age | Feudal Age |
| 14:02 | Build | Market |
| 14:04 | Build | Blacksmith |
| 14:05 | Create | Villager (Male) |
| 14:05 | Create | Villager (Male) |
| 14:06 | Research | Double-Bit Axe |
| 14:16 | Build | Palisade Wall |
| 14:18 | Build | Palisade Wall |
| 14:20 | Build | Palisade Wall |
| 14:22 | Build | Palisade Wall |
| 14:24 | Build | Palisade Wall |
| 15:04 | Research | Castle Age |
| 15:48 | Build | Palisade Wall |
| 15:49 | Build | Palisade Wall |
| 15:58 | Create | Villager (Male) |
| 16:15 | Build | House |
| 16:17 | Build | House |
| 16:19 | Build | House |
| 16:21 | Build | Palisade Wall |
| 17:44 | Age | Castle Age |
| 17:44 | Research | Bow Saw |
| 18:02 | Build | Palisade Wall |
| 18:06 | Build | Town Center |
| 18:13 | Create | Villager (Male) |
| 18:13 | Create | Villager (Male) |
| 18:26 | Build | House |
| 18:27 | Build | House |
| 18:27 | Build | House |
| 18:31 | Create | Villager (Male) |
| 19:06 | Create | Villager (Male) |
| 19:07 | Create | Villager (Male) |
| 19:07 | Create | Villager (Male) |
| 19:25 | Research | Wheelbarrow |
| 19:40 | Build | Barracks |
| 19:49 | Create | Villager (Male) |
| 19:49 | Create | Villager (Male) |
| 20:00 | Create | Villager (Male) |
| 20:00 | Create | Villager (Male) |
| 20:07 | Create | Villager (Male) |
| 20:10 | Create | Villager (Male) |
| 20:15 | Research | Scale Barding Armor |
| 20:15 | Research | Forging |
| 20:37 | Build | Town Center |
| 20:50 | Create | Villager (Male) |
| 20:50 | Create | Villager (Male) |
| 20:57 | Create | Villager (Male) |
| 21:02 | Research | Gold Mining |
| 21:14 | Research | Chain Barding Armor |
| 21:20 | Research | Horse Collar |
| 21:40 | Build | Mill |
| 21:40 | Create | Villager (Male) |
| 21:54 | Build | Farm |
| 21:57 | Build | Farm |
| 22:00 | Create | Villager (Male) |
| 22:03 | Build | Farm |
| 22:09 | Create | Villager (Male) |
| 22:09 | Create | Villager (Male) |
| 22:19 | Build | Stable |
| 22:20 | Build | Stable |
| 22:25 | Create | Villager (Male) |
| 22:33 | Build | House |
| 22:36 | Build | Palisade Wall |
| 22:40 | Build | Palisade Wall |
| 22:41 | Create | Villager (Male) |
| 22:42 | Create | Villager (Male) |
| 22:42 | Create | Villager (Male) |
| 22:47 | Build | Farm |
| 22:52 | Create | Villager (Male) |
| 23:04 | Build | Farm |
| 23:05 | Build | Farm |
| 23:07 | Build | Farm |
| 23:07 | Create | Villager (Male) |
| 23:10 | Create | Villager (Male) |
| 23:12 | Build | Farm |
| 23:16 | Build | Mill |
| 23:23 | Create | Villager (Male) |
| 23:23 | Create | Villager (Male) |
| 23:26 | Research | Heavy Plow |
| 23:28 | Create | Villager (Male) |
| 23:34 | Build | Stable |
| 23:43 | Build | Castle |
| 23:44 | Create | Villager (Male) |
| 23:52 | Build | House |
| 23:53 | Create | Villager (Male) |
| 23:58 | Build | Farm |
| 24:09 | Build | House |
| 24:13 | Build | House |
| 24:15 | Create | Villager (Male) |
| 24:15 | Create | Villager (Male) |
| 24:15 | Create | Villager (Male) |
| 24:17 | Research | Wheelbarrow |
| 24:23 | Build | Mill |
| 24:25 | Create | Villager (Male) |
| 24:29 | Build | Stable |
| 24:32 | Research | Bloodlines |
| 24:33 | Create | Villager (Male) |
| 24:34 | Create | Villager (Male) |
| 24:51 | Build | Farm |
| 24:51 | Build | Farm |
| 24:51 | Build | Farm |
| 24:52 | Build | Farm |
| 24:56 | Build | Farm |
| 24:56 | Create | Villager (Male) |
| 25:04 | Build | Farm |
| 25:06 | Build | Farm |
| 25:07 | Create | Villager (Male) |
Build order — La Apple
First 150 of 198 actions detected
| 0:23 | Build | Town Center |
| 2:59 | Build | House |
| 3:00 | Create | Villager (Male) |
| 3:01 | Create | Villager (Male) |
| 3:01 | Create | Villager (Male) |
| 3:25 | Create | Villager (Male) |
| 3:25 | Create | Villager (Male) |
| 4:33 | Create | Villager (Male) |
| 4:34 | Create | Villager (Male) |
| 5:39 | Create | Villager (Male) |
| 5:39 | Create | Villager (Male) |
| 5:39 | Create | Villager (Male) |
| 5:40 | Create | Villager (Male) |
| 6:03 | Build | House |
| 6:07 | Build | House |
| 6:14 | Research | Loom |
| 6:22 | Build | Lumber Camp |
| 6:27 | Build | House |
| 6:35 | Create | Villager (Male) |
| 6:35 | Create | Villager (Male) |
| 6:35 | Create | Villager (Male) |
| 6:51 | Create | Villager (Male) |
| 6:51 | Create | Villager (Male) |
| 6:59 | Create | Villager (Male) |
| 7:20 | Create | Villager (Male) |
| 7:21 | Create | Villager (Male) |
| 7:46 | Build | House |
| 7:54 | Build | House |
| 9:18 | Create | Villager (Male) |
| 9:18 | Create | Villager (Male) |
| 9:45 | Create | Villager (Male) |
| 9:55 | Build | Mill |
| 10:37 | Research | Feudal Age |
| 11:33 | Create | Villager (Male) |
| 12:06 | Build | Mining Camp |
| 12:39 | Build | House |
| 12:46 | Build | Palisade Wall |
| 12:47 | Age | Feudal Age |
| 13:10 | Build | Market |
| 13:17 | Create | Villager (Male) |
| 13:17 | Create | Villager (Male) |
| 13:46 | Build | Mill |
| 14:01 | Build | House |
| 14:10 | Create | Villager (Male) |
| 14:10 | Create | Villager (Male) |
| 14:58 | Create | Villager (Male) |
| 14:58 | Create | Villager (Male) |
| 15:01 | Build | Blacksmith |
| 15:42 | Research | Castle Age |
| 15:42 | Research | Castle Age |
| 15:56 | Research | Double-Bit Axe |
| 16:02 | Build | House |
| 16:04 | Build | House |
| 16:10 | Build | House |
| 16:16 | Build | Palisade Wall |
| 17:02 | Build | Palisade Wall |
| 18:25 | Build | Palisade Wall |
| 18:28 | Build | Palisade Wall |
| 18:30 | Age | Castle Age |
| 18:33 | Build | Palisade Wall |
| 18:41 | Build | Town Center |
| 19:04 | Create | Villager (Male) |
| 19:04 | Create | Villager (Male) |
| 19:14 | Build | House |
| 19:52 | Build | Barracks |
| 19:57 | Create | Villager (Male) |
| 19:57 | Create | Villager (Male) |
| 19:58 | Create | Villager (Male) |
| 20:34 | Build | Mill |
| 20:52 | Build | Farm |
| 21:08 | Create | Villager (Male) |
| 21:08 | Create | Villager (Male) |
| 21:53 | Create | Spearman |
| 21:56 | Create | Villager (Male) |
| 21:56 | Create | Villager (Male) |
| 21:57 | Create | Villager (Male) |
| 22:11 | Build | Town Center |
| 22:22 | Create | Villager (Male) |
| 22:23 | Create | Villager (Male) |
| 22:23 | Create | Villager (Male) |
| 22:39 | Build | Stable |
| 23:14 | Research | Stone Mining |
| 23:19 | Build | House |
| 23:27 | Create | Villager (Male) |
| 23:27 | Create | Villager (Male) |
| 23:27 | Create | Villager (Male) |
| 23:39 | Research | Horse Collar |
| 23:47 | Build | Farm |
| 23:47 | Build | Farm |
| 23:48 | Build | Farm |
| 23:48 | Build | Farm |
| 23:48 | Build | Farm |
| 23:51 | Build | Farm |
| 23:52 | Build | Farm |
| 23:53 | Build | Farm |
| 23:55 | Build | Farm |
| 24:03 | Build | Farm |
| 24:08 | Build | Farm |
| 24:25 | Create | Villager (Male) |
| 24:25 | Create | Villager (Male) |
| 24:45 | Build | Farm |
| 25:05 | Create | Villager (Male) |
| 25:05 | Create | Villager (Male) |
| 25:23 | Create | Villager (Male) |
| 25:23 | Create | Villager (Male) |
| 25:24 | Create | Villager (Male) |
| 25:40 | Create | Villager (Male) |
| 26:04 | Build | Castle |
| 26:15 | Build | Castle |
| 26:22 | Create | Villager (Male) |
| 26:22 | Create | Villager (Male) |
| 26:23 | Create | Villager (Male) |
| 26:23 | Create | Villager (Male) |
| 26:28 | Build | Farm |
| 26:36 | Create | Villager (Male) |
| 26:42 | Build | Farm |
| 26:43 | Build | Farm |
| 26:43 | Build | Farm |
| 26:44 | Build | Farm |
| 26:44 | Build | Farm |
| 26:45 | Build | Farm |
| 26:45 | Build | Farm |
| 26:45 | Build | Farm |
| 26:51 | Create | Villager (Male) |
| 26:51 | Create | Villager (Male) |
| 27:01 | Build | Farm |
| 27:03 | Create | Villager (Male) |
| 27:03 | Create | Villager (Male) |
| 27:15 | Create | Cataphract |
| 27:38 | Create | Cataphract |
| 27:45 | Create | Villager (Male) |
| 27:49 | Build | Farm |
| 27:54 | Create | Villager (Male) |
| 27:59 | Build | Farm |
| 28:02 | Build | Farm |
| 28:05 | Create | Villager (Male) |
| 28:13 | Create | Villager (Male) |
| 28:13 | Create | Villager (Male) |
| 28:28 | Create | Villager (Male) |
| 28:28 | Create | Villager (Male) |
| 28:38 | Create | Villager (Male) ×2 |
| 28:38 | Create | Villager (Male) ×2 |
| 28:52 | Build | Farm |
| 28:53 | Build | Farm |
| 28:53 | Build | Farm |
| 28:53 | Build | Farm |
| 28:53 | Build | Farm |
| 28:54 | Build | Farm |
| 29:03 | Create | Villager (Male) ×3 |
| 29:14 | Create | Cataphract |
Build order — 钓鱼佬
First 150 of 154 actions detected
| 0:27 | Build | Town Center |
| 1:12 | Build | House |
| 3:03 | Create | Villager (Male) |
| 3:03 | Create | Villager (Male) |
| 3:03 | Create | Villager (Male) |
| 3:04 | Create | Villager (Male) |
| 3:04 | Create | Villager (Male) |
| 3:04 | Create | Villager (Male) |
| 4:05 | Create | Villager (Male) |
| 4:05 | Create | Villager (Male) |
| 4:25 | Build | Lumber Camp |
| 4:45 | Create | Villager (Male) |
| 4:55 | Build | House |
| 5:06 | Create | Villager (Male) |
| 5:07 | Create | Villager (Male) |
| 5:38 | Create | Villager (Male) |
| 5:59 | Build | House |
| 6:04 | Create | Villager (Male) |
| 6:34 | Research | Loom |
| 6:53 | Create | Villager (Male) |
| 6:53 | Create | Villager (Male) |
| 6:54 | Create | Villager (Male) |
| 7:11 | Create | Villager (Male) |
| 7:12 | Create | Villager (Male) |
| 7:42 | Build | Barracks |
| 8:10 | Create | Villager (Male) |
| 8:20 | Create | Villager (Male) |
| 8:27 | Create | Villager (Male) |
| 8:35 | Create | Villager (Male) |
| 8:47 | Build | House |
| 8:48 | Build | House |
| 9:17 | Create | Villager (Male) |
| 9:35 | Build | House |
| 10:07 | Research | Feudal Age |
| 10:07 | Research | Feudal Age |
| 10:31 | Build | Mill |
| 10:45 | Build | House |
| 10:57 | Create | Militia |
| 11:06 | Create | Militia |
| 11:27 | Create | Villager (Male) |
| 11:28 | Create | Militia |
| 11:47 | Create | Militia |
| 12:17 | Age | Feudal Age |
| 12:31 | Research | Man-at-Arms (upgrade) |
| 12:32 | Research | Man-at-Arms (upgrade) |
| 12:43 | Create | Villager (Male) |
| 12:51 | Create | Militia |
| 13:07 | Create | Militia |
| 13:08 | Create | Villager (Male) |
| 13:10 | Create | Villager (Male) |
| 13:10 | Create | Militia |
| 13:23 | Build | Blacksmith |
| 13:26 | Create | Villager (Male) |
| 13:28 | Create | Militia |
| 13:57 | Create | Militia |
| 14:02 | Create | Militia |
| 14:03 | Create | Militia |
| 14:20 | Research | Scale Barding Armor |
| 14:21 | Research | Scale Barding Armor |
| 14:24 | Research | Scale Mail Armor |
| 14:24 | Research | Scale Mail Armor |
| 14:29 | Create | Villager (Male) |
| 14:31 | Create | Militia |
| 14:56 | Create | Militia |
| 14:56 | Create | Villager (Male) |
| 14:57 | Create | Villager (Male) |
| 14:58 | Create | Villager (Male) |
| 15:01 | Build | House |
| 15:03 | Build | House |
| 15:04 | Create | Villager (Male) |
| 15:16 | Research | Forging |
| 15:16 | Research | Forging |
| 15:21 | Create | Villager (Male) |
| 15:32 | Create | Spearman |
| 15:46 | Create | Villager (Male) |
| 15:57 | Create | Militia |
| 16:09 | Build | Palisade Wall |
| 16:10 | Create | Villager (Male) |
| 16:14 | Create | Villager (Male) |
| 16:25 | Create | Militia |
| 16:37 | Create | Villager (Male) |
| 16:41 | Build | Farm |
| 16:43 | Build | Farm |
| 16:46 | Build | Farm |
| 16:47 | Create | Villager (Male) |
| 16:50 | Create | Militia |
| 17:08 | Create | Militia |
| 17:13 | Create | Spearman |
| 17:17 | Create | Spearman |
| 17:29 | Create | Villager (Male) |
| 17:44 | Create | Villager (Male) |
| 17:52 | Research | Double-Bit Axe |
| 17:54 | Build | House |
| 17:55 | Build | House |
| 18:03 | Create | Villager (Male) |
| 18:07 | Create | Villager (Male) |
| 18:12 | Create | Villager (Male) |
| 18:15 | Create | Villager (Male) |
| 18:22 | Build | House |
| 18:38 | Create | Villager (Male) |
| 18:48 | Create | Villager (Male) |
| 19:09 | Create | Villager (Male) |
| 19:15 | Create | Villager (Male) |
| 19:17 | Create | Villager (Male) |
| 19:26 | Create | Spearman |
| 19:26 | Create | Spearman |
| 19:38 | Create | Villager (Male) |
| 19:53 | Create | Spearman |
| 20:12 | Create | Villager (Male) |
| 20:29 | Create | Spearman |
| 20:34 | Create | Militia |
| 20:41 | Create | Villager (Male) |
| 20:50 | Create | Villager (Male) |
| 20:52 | Create | Villager (Male) |
| 21:04 | Build | Mill |
| 21:11 | Create | Villager (Male) |
| 21:18 | Build | Mining Camp |
| 21:23 | Create | Villager (Male) |
| 21:54 | Create | Villager (Male) |
| 22:13 | Build | Farm |
| 23:08 | Create | Villager (Male) |
| 23:33 | Create | Militia |
| 23:34 | Create | Militia |
| 23:43 | Create | Villager (Male) |
| 23:54 | Build | Farm |
| 24:00 | Create | Spearman |
| 24:01 | Create | Villager (Male) |
| 24:15 | Create | Spearman |
| 24:48 | Create | Villager (Male) |
| 24:51 | Create | Militia |
| 25:07 | Build | Mill |
| 25:08 | Create | Villager (Male) |
| 25:30 | Build | Farm |
| 25:41 | Create | Villager (Male) |
| 26:02 | Create | Villager (Male) |
| 26:15 | Build | House |
| 26:37 | Create | Villager (Male) |
| 26:41 | Build | Palisade Wall |
| 26:44 | Build | Palisade Wall |
| 27:24 | Create | Villager (Male) |
| 28:23 | Create | Villager (Male) |
| 28:59 | Create | Villager (Male) |
| 30:26 | Build | Town Center |
| 31:32 | Build | Palisade Wall |
| 31:34 | Build | Palisade Wall |
| 31:36 | Build | Palisade Wall |
| 31:42 | Build | Palisade Wall |
| 31:56 | Build | Watch Tower |
| 32:04 | Build | Palisade Wall |
| 32:06 | Create | Villager (Male) |
Build order — VNS_Alibaba_
First 150 of 156 actions detected
| 0:36 | Build | Town Center |
| 2:17 | Build | House |
| 2:39 | Create | Villager (Male) |
| 2:39 | Create | Villager (Male) |
| 2:40 | Create | Villager (Male) |
| 2:40 | Create | Villager (Male) |
| 2:40 | Create | Villager (Male) |
| 3:44 | Create | Villager (Male) |
| 3:59 | Build | House |
| 4:19 | Create | Villager (Male) |
| 4:33 | Create | Villager (Male) |
| 4:57 | Create | Villager (Male) |
| 5:47 | Create | Villager (Male) |
| 6:05 | Build | House |
| 6:07 | Create | Villager (Male) |
| 6:08 | Create | Villager (Male) |
| 6:20 | Create | Villager (Male) |
| 6:22 | Build | Lumber Camp |
| 6:30 | Build | House |
| 6:40 | Create | Villager (Male) |
| 7:27 | Create | Villager (Male) |
| 8:08 | Research | Loom |
| 8:39 | Build | Mill |
| 8:41 | Create | Villager (Male) |
| 8:43 | Build | House |
| 8:56 | Research | Feudal Age |
| 9:20 | Build | House |
| 9:42 | Create | Villager (Male) |
| 10:15 | Build | House |
| 10:35 | Create | Villager (Male) |
| 11:06 | Age | Feudal Age |
| 11:07 | Build | Stable |
| 11:12 | Research | Double-Bit Axe |
| 11:37 | Create | Scout Cavalry |
| 11:38 | Create | Scout Cavalry |
| 11:46 | Research | Horse Collar |
| 11:46 | Research | Horse Collar |
| 11:47 | Create | Villager (Male) |
| 11:50 | Create | Villager (Male) |
| 11:55 | Build | House |
| 12:30 | Create | Scout Cavalry |
| 12:38 | Create | Villager (Male) |
| 12:56 | Create | Scout Cavalry |
| 13:12 | Create | Scout Cavalry |
| 13:30 | Create | Villager (Male) |
| 13:30 | Create | Villager (Male) |
| 13:31 | Build | Farm |
| 13:33 | Build | Farm |
| 13:33 | Build | Farm |
| 14:21 | Create | Villager (Male) |
| 14:22 | Create | Scout Cavalry |
| 14:22 | Create | Scout Cavalry |
| 14:39 | Create | Villager (Male) |
| 14:39 | Create | Villager (Male) |
| 14:44 | Build | Mill |
| 14:47 | Build | Mill |
| 14:56 | Create | Scout Cavalry |
| 15:00 | Build | House |
| 15:01 | Build | House |
| 15:11 | Build | Blacksmith |
| 15:49 | Create | Scout Cavalry |
| 15:50 | Create | Villager (Male) |
| 15:52 | Build | Farm |
| 15:53 | Build | Farm |
| 15:55 | Build | Farm |
| 15:58 | Build | Farm |
| 16:08 | Research | Scale Barding Armor |
| 16:08 | Research | Scale Barding Armor |
| 16:11 | Create | Villager (Male) |
| 16:11 | Create | Villager (Male) |
| 16:30 | Create | Scout Cavalry |
| 16:39 | Create | Villager (Male) |
| 17:06 | Build | Farm |
| 17:14 | Research | Forging |
| 17:19 | Build | Mining Camp |
| 17:25 | Create | Villager (Male) |
| 17:29 | Build | Stable |
| 17:32 | Create | Scout Cavalry |
| 17:38 | Build | Farm |
| 17:39 | Build | Farm |
| 17:48 | Create | Scout Cavalry |
| 17:59 | Create | Villager (Male) |
| 18:04 | Build | Watch Tower |
| 18:10 | Create | Villager (Male) |
| 18:23 | Create | Villager (Male) |
| 18:44 | Create | Scout Cavalry |
| 19:38 | Create | Scout Cavalry |
| 19:39 | Create | Scout Cavalry |
| 19:39 | Create | Scout Cavalry |
| 19:56 | Build | House |
| 19:56 | Build | House |
| 20:05 | Create | Scout Cavalry |
| 20:31 | Build | Mining Camp |
| 20:48 | Create | Scout Cavalry |
| 20:49 | Create | Villager (Male) |
| 21:01 | Research | Bloodlines |
| 21:01 | Research | Bloodlines |
| 21:12 | Create | Scout Cavalry |
| 21:38 | Create | Villager (Male) |
| 21:43 | Build | Farm |
| 21:44 | Build | Farm |
| 21:45 | Build | Farm |
| 21:46 | Build | Farm |
| 21:47 | Build | Farm |
| 21:55 | Research | Wheelbarrow |
| 21:55 | Research | Wheelbarrow |
| 22:02 | Build | Farm |
| 22:06 | Build | Farm |
| 22:11 | Create | Villager (Male) |
| 22:18 | Create | Scout Cavalry |
| 22:42 | Create | Villager (Male) |
| 23:01 | Build | Farm |
| 24:23 | Create | Villager (Male) |
| 24:25 | Research | Castle Age |
| 24:39 | Create | Scout Cavalry |
| 24:42 | Build | Watch Tower |
| 24:48 | Create | Scout Cavalry |
| 25:11 | Create | Scout Cavalry |
| 25:14 | Build | Farm |
| 25:52 | Create | Scout Cavalry |
| 25:53 | Create | Scout Cavalry |
| 25:53 | Create | Scout Cavalry |
| 25:55 | Research | Gold Mining |
| 26:04 | Build | Lumber Camp |
| 26:53 | Build | House |
| 27:10 | Create | Scout Cavalry |
| 27:28 | Build | House |
| 27:28 | Age | Castle Age |
| 27:32 | Research | Light Cavalry (upgrade) |
| 27:33 | Research | Husbandry |
| 27:47 | Build | Castle |
| 27:53 | Create | Villager (Male) |
| 28:14 | Create | Villager (Male) |
| 28:19 | Build | House |
| 28:39 | Create | Scout Cavalry |
| 28:39 | Create | Scout Cavalry |
| 28:39 | Create | Scout Cavalry |
| 28:40 | Create | Scout Cavalry |
| 28:50 | Create | Villager (Male) |
| 29:04 | Create | Villager (Male) |
| 29:22 | Build | House |
| 29:25 | Build | House |
| 29:38 | Create | Scout Cavalry |
| 29:39 | Create | Villager (Male) |
| 30:47 | Create | Villager (Male) |
| 30:51 | Create | Scout Cavalry |
| 30:51 | Create | Scout Cavalry |
| 30:52 | Create | Scout Cavalry |
| 31:16 | Create | Villager (Male) |
| 31:33 | Create | Villager (Male) |
Match timeline
| 5:46 | Xialian · wall_segment Palisade Wall x4 |
| 6:45 | 钢铁直男 · first_building Barracks |
| 7:42 | 钓鱼佬 · first_building Barracks |
| 8:29 | kazusa · wall_segment Palisade Wall x1 |
| 9:49 | Cat&Moon · wall_segment Palisade Wall x3 |
| 10:18 | Cat&Moon · wall_segment Palisade Wall x1 |
| 10:48 | Cat&Moon · wall_segment Palisade Wall x1 |
| 10:49 | Bis · first_building Dock |
| 10:50 | Cat&Moon · wall_segment Palisade Wall x1 |
| 10:54 | Cat&Moon · wall_segment Palisade Wall x6 |
| 11:06 | VNS_Alibaba_ · age_up feudal |
| 11:07 | VNS_Alibaba_ · first_building Stable |
| 11:20 | kazusa · first_building Barracks |
| 12:04 | 钢铁直男 · wall_segment Palisade Wall x1 |
| 12:06 | 钢铁直男 · wall_segment Palisade Wall x3 |
| 12:10 | 钢铁直男 · wall_segment Palisade Wall x2 |
| 12:17 | 钓鱼佬 · age_up feudal |
| 12:28 | Cat&Moon · wall_segment Palisade Wall x1 |
| 12:28 | 钢铁直男 · age_up feudal |
| 12:29 | 钢铁直男 · wall_segment Palisade Wall x1 |
| 12:30 | 钢铁直男 · wall_segment Palisade Wall x1 |
| 12:32 | Cat&Moon · wall_segment Palisade Wall x1 |
| 12:33 | Cat&Moon · wall_segment Palisade Wall x1 |
| 12:34 | 钢铁直男 · first_building Archery Range |
| 12:37 | Cat&Moon · wall_segment Palisade Wall x1 |
| 12:39 | Cat&Moon · wall_segment Palisade Wall x1 |
| 12:42 | kazusa · age_up feudal |
| 12:45 | kazusa · first_building Archery Range |
| 12:46 | La Apple · wall_segment Palisade Wall x20 |
| 12:47 | La Apple · age_up feudal |
| 12:53 | Cat&Moon · wall_segment Palisade Wall x1 |
| 12:55 | Cat&Moon · wall_segment Palisade Wall x1 |
| 12:56 | Cat&Moon · wall_segment Palisade Wall x1 |
| 13:06 | Cat&Moon · wall_segment Palisade Wall x1 |
| 13:08 | Xialian · wall_segment Palisade Wall x1 |
| 13:20 | Cat&Moon · wall_segment Palisade Wall x1 |
| 13:50 | Bis · age_up feudal |
| 13:57 | Cat&Moon · wall_segment Palisade Wall x1 |
| 13:57 | Xialian · age_up feudal |
| 14:15 | Cat&Moon · age_up feudal |
| 14:16 | Xialian · wall_segment Palisade Wall x1 |
| 14:18 | Xialian · wall_segment Palisade Wall x1 |
| 14:20 | Xialian · wall_segment Palisade Wall x1 |
| 14:22 | Xialian · wall_segment Palisade Wall x1 |
| 14:24 | Xialian · wall_segment Palisade Wall x1 |
| 15:03 | Xialian · first_market_sell 100 stone |
| 15:16 | Cat&Moon · first_market_buy 100 food |
| 15:33 | Cat&Moon · first_building Donjon |
| 15:48 | Xialian · wall_segment Palisade Wall x1 |
| 15:49 | Xialian · wall_segment Palisade Wall x1 |
| 16:09 | 钓鱼佬 · wall_segment Palisade Wall x9 |
| 16:16 | La Apple · wall_segment Palisade Wall x14 |
| 16:17 | Cat&Moon · wall_segment Stone Wall x1 |
| 16:21 | Cat&Moon · wall_segment Stone Wall x1 |
| 16:21 | Xialian · wall_segment Palisade Wall x1 |
| 16:23 | Cat&Moon · wall_segment Stone Wall x1 |
| 16:31 | kazusa · age_up castle |
| 16:36 | kazusa · first_building Monastery |
| 16:43 | Cat&Moon · wall_segment Palisade Wall x1 |
| 16:48 | Cat&Moon · wall_segment Stone Wall x1 |
| 16:55 | Cat&Moon · wall_segment Stone Wall x1 |
| 17:02 | La Apple · wall_segment Palisade Wall x4 |
| 17:18 | Cat&Moon · wall_segment Stone Wall x1 |
| 17:20 | Cat&Moon · wall_segment Stone Wall x1 |
| 17:32 | Bis · wall_segment Palisade Wall x1 |
| 17:44 | Xialian · age_up castle |
| 18:02 | Xialian · wall_segment Palisade Wall x4 |
| 18:25 | La Apple · wall_segment Palisade Wall x1 |
| 18:28 | La Apple · wall_segment Palisade Wall x1 |
| 18:30 | La Apple · age_up castle |
| 18:33 | La Apple · wall_segment Palisade Wall x7 |
| 18:44 | Cat&Moon · age_up castle |
| 19:40 | Xialian · first_building Barracks |
| 19:52 | La Apple · first_building Barracks |
| 21:47 | Cat&Moon · first_market_sell 100 stone |
| 22:10 | Bis · wall_segment Palisade Wall x4 |
| 22:12 | Bis · wall_segment Palisade Wall x1 |
| 22:16 | Bis · wall_segment Palisade Wall x10 |
| 22:19 | Xialian · first_building Stable |
| 22:36 | Xialian · wall_segment Palisade Wall x2 |
| 22:39 | La Apple · first_building Stable |
| 22:40 | Xialian · wall_segment Palisade Wall x1 |
| 23:25 | Xialian · first_market_buy 100 food |
| 23:43 | Xialian · first_building Castle |
| 24:23 | La Apple · first_market_buy 100 food |
| 24:40 | kazusa · first_market_buy 100 stone |
| 26:02 | Cat&Moon · first_building Barracks |
| 26:04 | La Apple · first_building Castle |
| 26:41 | 钓鱼佬 · wall_segment Palisade Wall x3 |
| 26:44 | 钓鱼佬 · wall_segment Palisade Wall x3 |
| 26:59 | kazusa · first_building Stable |
| 27:28 | VNS_Alibaba_ · age_up castle |
| 27:47 | VNS_Alibaba_ · first_building Castle |
| 28:54 | 钢铁直男 · wall_segment Stone Wall x1 |
| 28:56 | 钢铁直男 · wall_segment Stone Wall x1 |
| 29:07 | 钢铁直男 · wall_segment Stone Wall x1 |
| 29:09 | 钢铁直男 · wall_segment Stone Wall x1 |
| 29:11 | 钢铁直男 · wall_segment Stone Wall x1 |
| 29:13 | 钢铁直男 · wall_segment Stone Wall x1 |
| 29:17 | 钢铁直男 · wall_segment Stone Wall x2 |
| 29:19 | kazusa · wall_segment Palisade Wall x1 |
| 29:32 | kazusa · wall_segment Palisade Wall x1 |
| 29:43 | kazusa · wall_segment Palisade Wall x1 |
| 31:09 | Bis · wall_segment Stone Wall x1 |
| 31:13 | Bis · wall_segment Stone Wall x1 |
| 31:17 | Bis · wall_segment Stone Wall x1 |
| 31:31 | Bis · age_up castle |
| 31:31 | Bis · wall_segment Stone Wall x1 |
| 31:32 | 钓鱼佬 · wall_segment Palisade Wall x1 |
| 31:34 | 钓鱼佬 · wall_segment Palisade Wall x1 |
| 31:36 | 钓鱼佬 · wall_segment Palisade Wall x1 |
| 31:42 | 钓鱼佬 · wall_segment Palisade Wall x1 |
| 32:04 | 钓鱼佬 · wall_segment Palisade Wall x1 |
| 32:44 | VNS_Alibaba_ · resign |
[ AI ANALYSIS · 1 CREDIT ]
What really happened in this match?
Wolo.gg analyzes every decision: build order, eco, micro, common mistakes by bracket. Personalized analysis on WhatsApp or Discord in 30 seconds.
Civ guide
Dravidians
Perfil
Jugador #223271